 Dungeon Crawl Stone Soup version 0.21.1-1-g345015fe64 (webtiles) character file.

210 Lavandula the Digger (level 5, 7/35 HPs)
             Began as a Barachi Earth Elementalist on July 1, 2018.
             Quit the game on level 4 of the Dungeon.
             The game lasted 00:10:52 (1426 turns).

Lavandula the Digger (Barachi Earth Elementalist)   Turns: 1426, Time: 00:10:53

Health: 7/35       AC:  3    Str: 10    XL:     5   Next: 87%
Magic:  6/11       EV: 12    Int: 16    God:
Gold:   73         SH:  0    Dex: 12    Spells: 4/12 levels left

rFire    . . .     SeeInvis .   f - -2 mace
rCold    . . .     Gourm    .   (no shield)
rNeg     . . .     Faith    .   c - +0 robe
rPois    .         Spirit   .   (no helmet)
rElec    .         Reflect  .   (no cloak)
rCorr    .         Harm     .   (no gloves)
MR       .....                  m - +0 pair of boots
Stlth    ++........             (no amulet)
HPRegen  0.11/turn              (no ring)
MPRegen  0.12/turn              (no ring)

@: very slightly contaminated, drained, slow
A: +LOS, swims, slowness 1, strong legs 1
a: Hop


You were on level 4 of the Dungeon.
You were not hungry.

You visited 1 branch of the dungeon, and saw 5 of its levels.

You collected 73 gold pieces.

Inventory:

Hand Weapons
 a - a +0 dagger
 f - a -2 mace (weapon)
Missiles
 b - 3 stones (quivered)
Armour
 c - a +0 robe (worn)
 m - a +0 pair of boots (worn)
Scrolls
 g - a scroll of amnesia
 n - 2 scrolls of magic mapping
Books
 e - a book of Geomancy

   Spells                             Type                      Level
   a - Sandblast                      Earth                        1
   b - Passwall                       Transmutation/Earth          2
   c - Stone Arrow                    Conjuration/Earth            3
   d - Petrify                        Transmutation/Earth          4
   e - Lee's Rapid Deconstruction     Earth                        5
Comestibles
 d - 2 rations


   Skills:
 - Level 2.1(1.7) Dodging
 - Level 1.7(1.2) Stealth
 - Level 4.0(3.5) Spellcasting
 - Level 1.1(0.6) Transmutations
 + Level 5.3(4.7) Earth Magic


You had 4 spell levels left.
You knew the following spells:

 Your Spells              Type           Power        Failure   Level  Hunger
a - Sandblast             Erth           ###...       2%          1    None
b - Stone Arrow           Conj/Erth      ##....       21%         3    ###....
c - Petrify               Tmut/Erth      ##......     50%         4    ####...


Dungeon Overview and Level Annotations

Branches:
Dungeon (5/15)
 Temple: D:4-7

Altars:
Ashenzari
Fedhas
Sif Muna
Uskayaw

Shops:
D:4 %

Portals:
Sewer: D:5

Annotations:
D:3 Grinder
D:5 Menkaure


Innate Abilities, Weirdness & Mutations

Shadows flee at your approach. (+LOS)
You can swim through water.
You cover ground slowly.
You can hop short distances.


Message History

An orc wizard comes into view. It is wielding a dagger.
You closely miss the orc wizard.
The orc wizard shouts!
The orc wizard mumbles some strange words.
The orc wizard flickers and vanishes!
The orc wizard hits you with a dagger of draining.
You feel drained. The orc barely misses you.
The orc wizard moves out of view.
You barely miss the orc wizard.
The orc wizard points at you and mumbles some strange words.
You resist with some effort.
You hear some strange, mumbled words.
The orc wizard points at you and mumbles some strange words.
The puff of flame hits you!
* * * LOW HITPOINT WARNING * * *
You closely miss the orc wizard.
You feel less confused.
You are ready to hop once more.
The orc barely misses you. Something hits you but does no damage.
The orc wizard casts a spell.
The orc wizard flickers and vanishes!
The orc misses you.
Are you sure you want to abandon this character and quit the game? (Confirm with "yes".)

#.## ##.l ....##..
.......# #......#
#######
##.....######.....#
#....#.....##.....#
#$#..#####..[.....#
. #.....#####...o<#
##.##..####o.{@.#
##...#...o)o..{..#
##..{......##.....#
#...........#.....#
..........∩.#.....#
#...........#######
##.......(.##
##...#...##
#########


You could see an orc wizard and 3 orcs.

Vanquished Creatures
  A gnoll shaman (D:4)
  A jelly (D:4)
  An orc wizard (D:4)
  5 gnolls
  4 adders
  2 dart slugs (D:3)
  A leopard gecko (D:1)
  5 goblins
  2 hobgoblins (D:2)
  7 jackals (D:2)
  A ball python (D:2)
  5 bats
  3 frilled lizards
  5 kobolds
  5 rats (D:2)
48 creatures vanquished.

Notes
Turn   | Place    | Note
-------+----------+-------------------------------------------
     0 | D:1      | Lavandula the Barachi Earth Elementalist began the quest for the Orb.
     0 | D:1      | Reached XP level 1. HP: 13/13 MP: 3/3
   117 | D:2      | Found a deep blue altar of Sif Muna.
   121 | D:2      | Reached XP level 2. HP: 14/19 MP: 1/5
   138 | D:2      | Reached XP level 3. HP: 6/24 MP: 0/7
   381 | D:2      | HP: 1/24 [gnoll/flail (6)]
   453 | D:2      | Reached XP level 4. HP: 9/30 MP: 7/9
   541 | D:2      | Found a shattered altar of Ashenzari.
   579 | D:4      | Noticed a phantom
   654 | D:2      | Learned a level 3 spell: Stone Arrow
   659 | D:2      | Learned a level 4 spell: Petrify
   817 | D:2      | Found a hide-covered altar of Uskayaw.
  1055 | D:3      | Found a blossoming altar of Fedhas.
  1075 | D:4      | Noticed Grinder
  1104 | D:4      | Found Teol's Food Shoppe.
  1157 | D:4      | Reached skill level 4 in Earth Magic
  1214 | D:4      | Reached XP level 5. HP: 26/35 MP: 6/11
  1354 | D:4      | Reached skill level 5 in Earth Magic
  1362 | D:5      | Entered Level 5 of the Dungeon
  1362 | D:5      | Found a glowing drain.
  1365 | D:5      | Noticed Menkaure
  1426 | D:4      | Quit the game

Skill      XL: |  1  2  3  4  5 |
---------------+----------------+-----
Spellcasting   | 3 4 |  4.0
Earth Magic    | 4 5 |  5.3
Dodging        | |  2.1
Stealth        | |  1.7
Transmutations | |  1.1

Action                   |  1- 3 |  4- 6 || total
-------------------------+-------+-------++-------
Melee: Dagger            |    18 |       ||    18
       Mace              |    23 |    36 ||    59
 Cast: Sandblast         |    24 |    26 ||    50
       Stone Arrow       |       |    15 ||    15
 Abil: Hop               |     1 |     3 ||     4
  Use: Potion            |     2 |     3 ||     5
       Scroll            |     2 |     6 ||     8
 Stab: Sleeping          |     2 |     2 ||     4
  Eat: Chunk             |       |     4 ||     4
Armor: Skin              |    13 |       ||    13
       Robe              |     8 |     6 ||    14
Dodge: Dodged            |    27 |    47 ||    74
